 Dungeon Crawl Stone Soup version 0.24.0-37-gcf1ca852f1 (webtiles) character file.

Game seed: 13230628803995757899, levelgen mode: deterministic

337 grindst0ne the Cutter (level 6, -5/37 HPs)
             Began as a Kobold Berserker on Dec 4, 2019.
             Was a Priest of Trog.
             Slain by a river rat (7 damage)
             ... summoned by Eustachio
             ... on level 4 of the Dungeon.
             The game lasted 00:04:10 (2471 turns).

grindst0ne the Cutter (Kobold Berserker)            Turns: 2471, Time: 00:04:10

Health: -5/37      AC:  6    Str: 11 (14) XL:     6   Next: 85%
Magic:  6/6        EV: 21    Int: 13 (15) God:    Trog [***...]
Gold:   194        SH:  0    Dex: 18 (20) Spells: 5/5 levels left

rFire    . . .     SeeInvis .   m - +2 hand axe (elec)
rCold    . . .     Gourm    .   (shield restricted)
rNeg     . . .     Faith    .   h - +0 ring mail
rPois    .         Spirit   .   (no helmet)
rElec    .         Reflect  .   d - +0 cloak
rCorr    .         Harm     .   (no gloves)
MR       .....                  (no boots)
Stlth    ++........             (no amulet)
HPRegen  0.12/turn              (no ring)
MPRegen  0.10/turn              (no ring)

@: brilliant, agile, lethally poisoned (-5 -> -6), berserk cooldown, hasted and
slowed
A: small, carnivore
a: Berserk, Trog's Hand, Renounce Religion


You were on level 4 of the Dungeon.
You worshipped Trog.
Trog was most pleased with you.
You were very full.

You visited 1 branch of the dungeon, and saw 4 of its levels.

You collected 194 gold pieces.

Inventory:

Hand Weapons
 a - a +0 short sword
 m - a +2 hand axe of electrocution (weapon)
Missiles
 q - a throwing net (quivered)
Armour
 b - a +0 animal skin
 d - a +0 cloak (worn)
 h - a +0 ring mail (worn)
 n - a +0 scale mail
 u - a +0 chain mail
Wands
 x - a wand of digging (2)
Scrolls
 e - 2 scrolls of blinking {unknown}
 f - a scroll of teleportation {unknown}
 g - a scroll of fog {unknown}
 l - a scroll of remove curse {unknown}
 o - 3 scrolls of amnesia {unknown}
 p - a scroll of magic mapping {unknown}
 r - a scroll of noise {unknown}
 w - a scroll of immolation {unknown}
 y - a scroll of identify {unknown}
Potions
 j - 2 potions of degeneration
 t - 2 potions of heal wounds {unknown}
Comestibles
 c - 6 rations


   Skills:
 - Level 3.2 Fighting
 + Level 7.2 Short Blades
 - Level 1.5 Armour
 + Level 5.9 Dodging


You had 5 spell levels left.
You didn't know any spells.
Your spell library was empty.

Dungeon Overview and Level Annotations

Branches:
Dungeon (4/15)
 Temple: D:4-7

Altars:

Annotations:
D:4 Eustachio


Innate Abilities, Weirdness & Mutations

You are small and have problems with some larger weapons.
You are carnivorous and can eat meat at any time.


Message History

You are exhausted.
You feel yourself slow down.
You feel sick.
You closely miss the river rat. The river rat closely misses you.
The river rat bites you but does no damage.
It was a potion of brilliance.
You feel clever all of a sudden. The river rat misses you.
The river rat bites you.
* * * LOW HITPOINT WARNING * * *
It was a potion of degeneration.
There was something very wrong with that liquid.
You feel weakened.
You feel dopey.
You feel clumsy.
* * * LOW HITPOINT WARNING * * *
You feel sick. The river rat closely misses you.
It was a potion of haste.
You feel yourself speed up.
You hear the slow rusting of a drain nearby.
The river rat completely misses you. The river rat barely misses you.
It was a potion of agility.
You feel agile all of a sudden. The river rat bites you!
You die...

........####.....#.########
........####..............#
<.........................#
........####..............#
........# #####..........#
........### #.#.########
.#+####..... #.#.# .#
..###.. #†#.# .# .##
#.###@#.# ## . #...#r#.#
#§.r#.# ##r.#.# +..#.#
##..#.# ###...#.# #.....#
##.....# #


You could see 2 river rats and a rat.

Vanquished Creatures
  A bullfrog skeleton (D:3)
  Natasha (thrice) (D:2)
  Terence (D:2)
  3 worker ants
  5 adders
  A river rat (D:4)
  3 oozes
  3 worms
  A dart slug (D:3)
  2 leopard geckos
  An orc (D:3)
  8 bats
  5 giant cockroaches
  6 goblins
  5 hobgoblins
  3 jackals (D:2)
  3 ball pythons
  A frilled lizard (D:2)
  6 kobolds
  7 rats
68 creatures vanquished.

Notes
Turn   | Place    | Note
-------+----------+-------------------------------------------
     0 | D:1      | grindst0ne the Kobold Berserker began the quest for the
                  | Orb.
     0 | D:1      | Reached XP level 1. HP: 14/14 MP: 1/1
   357 | D:1      | Reached XP level 2. HP: 17/19 MP: 2/2
   697 | D:2      | Reached XP level 3. HP: 23/23 MP: 3/3
   871 | D:2      | Reached ** piety under Trog
   894 | D:2      | Reached skill level 5 in Short Blades
   926 | D:2      | Noticed Terence
   940 | D:2      | Killed Terence
   940 | D:2      | Reached XP level 4. HP: 17/28 MP: 4/4
   973 | D:2      | Noticed Natasha
   980 | D:2      | Killed Natasha
   980 | D:2      | Reached XP level 5. HP: 27/32 MP: 5/5
  1205 | D:2      | Reached skill level 6 in Short Blades
  1526 | D:2      | Noticed Natasha
  1530 | D:2      | Killed Natasha
  1754 | D:2      | Noticed Natasha
  1759 | D:2      | Killed Natasha
  1759 | D:2      | Reached skill level 5 in Dodging
  1822 | D:3      | Reached XP level 6. HP: 27/37 MP: 6/6
  2424 | D:4      | Reached skill level 7 in Short Blades
  2429 | D:4      | Noticed Eustachio
  2465 | D:4      | Reached *** piety under Trog
  2471 | D:4      | Slain by a river rat

Levels and vault maps discovered:
D:1:      ncdulo_watergridlock, layout_rooms, minmay_indecisive_spiral
D:2:      layout_basic, uniq_natasha, uniq_terence
D:3:      layout_rooms, first_ration, kennysheep_boxes
D:4:      cheibrodos_greedy_goblins, layout_basic, portal_sewer_entry_b,
          minivault_4, uniq_eustachio

Skill      XL: |  1  2  3  4  5  6 |
---------------+-------------------+-----
Dodging        | 3 4 5 |  5.9
Short Blades   | 5 6 7 |  7.2
Fighting       | |  3.2
Armour         | |  1.5

Action                   |  1- 3 |  4- 6 || total
-------------------------+-------+-------++-------
Melee: Short sword       |   115 |     4 ||   119
       Hand axe          |       |   120 ||   120
Invok: Berserk           |     4 |     6 ||    10
  Use: Potion            |       |     4 ||     4
  Eat: Chunk             |    10 |    11 ||    21
Armor: Ring mail         |    31 |    30 ||    61
Dodge: Dodged            |    79 |   130 ||   209
